 Dungeon Crawl Stone Soup version 0.28.0-62-gf88900778d (webtiles) character file.

Game seed: 5956978217632821719

158 cbfl8 the Ducker (level 5, -2/42 HPs)
             Began as a Merfolk Berserker on June 28, 2023.
             Was a Believer of Trog.
             Slain by a gnoll
             ... wielding a +0 spear
              (10 damage)
             ... on level 3 of the Dungeon.
             The game lasted 00:02:03 (2810 turns).

cbfl8 the Ducker (Merfolk Berserker)                Turns: 2810, Time: 00:02:03

Health: -2/42      AC:  2    Str: 17    XL:     5   Next: 39%
Magic:  5/5        EV: 13    Int:  7    God:    Trog [**....]
Gold:   55         SH:  0    Dex: 15    Spells: 4/4 levels left

rFire   . . .      SeeInvis .   d - +0 spear
rCold   . . .      Faith    .   (no shield)
rNeg    . . .      Spirit   .   b - +0 animal skin
rPois   .          Reflect  .   (no helmet)
rElec   .          Harm     .   (no cloak)
rCorr   .          Rampage  .   (no gloves)
Will    .....                   (no boots)
Stlth   ++........              (no amulet)
HPRegen 0.14/turn               (no ring)
MPRegen 0.09/turn               (no ring)

@: on berserk cooldown, slowed, very slow
A: (nimble swimmer 2), mertail
a: Renounce Religion, Berserk, Trog's Hand


You were on level 3 of the Dungeon.
You worshipped Trog.
Trog was pleased with you.
You visited 1 branch of the dungeon, and saw 3 of its levels.

You collected 55 gold pieces.

Inventory:

Hand Weapons
 d - a +0 spear (weapon)
Armour
 b - a +0 animal skin (worn)
Scrolls
 c - 3 scrolls of identify
Potions
 a - a potion of haste {unknown}
 f - a potion of curing
 h - a potion of might {unknown}
 i - a potion of flight {unknown}
 j - a potion of resistance {unknown}


   Skills:
 + Level 4.1 Fighting
 - Level 2.4(2.7) Axes
 * Level 2.8(4.0) Polearms
 + Level 1.6 Armour
 + Level 4.3 Dodging
 + Level 1.4 Stealth
 * Level 1.8 Evocations


You had 4 spell levels left.
You didn't know any spells.
Your spell library was empty.

Dungeon Overview and Level Annotations

Branches:
Dungeon (3/15)

Altars:


Innate Abilities, Weirdness & Mutations

((You are very nimble when in or above water. (Stealth+, EV+, Speed+++)))
Your lower body shifts to a powerful aquatic tail in water.


Message History

Trog accepts your kill. The gnoll barely misses you.
The gnoll completely misses you.
Unknown command.
You hit the gnoll but do no damage. The gnoll hits you with a +0 whip!
Unknown command.
You closely miss the gnoll. The gnoll misses you.
Unknown command.
You hit the gnoll.
The gnoll is lightly wounded.
The gnoll closely misses you.
The gnoll hits you from afar with a +0 spear.
Unknown command.
You hit the gnoll.
The gnoll is moderately wounded.
Unknown command.
You barely miss the gnoll.
The gnoll is moderately wounded.
The gnoll hits you with a +0 whip.
The gnoll hits you from afar with a +0 spear.
Unknown command.
You hit the gnoll.
The gnoll is heavily wounded.
The gnoll hits you with a +0 whip!
Unknown command.
You are too injured to fight recklessly!
You are too injured to fight recklessly!
You are too injured to fight recklessly!
You puncture the gnoll!
You kill the gnoll!
Trog accepts your kill.
The gnoll hits you from afar with a +0 spear.
The gnoll hits you from afar with a +0 spear!
* * * LOW HITPOINT WARNING * * *
You see here a +0 whip.
You feel a strong urge to attack something.
You are no longer berserk.
You are exhausted.
You feel yourself slow down. The gnoll hits you with a +0 spear!
You die...

#####.#. #.....#.
.##### #.......
......##.....##
########.....#........
#[......... #.....(##
#..../...#+# #......#
#.:..g...#.###......##
#....@.).#...#.......#
#.....)..............#
#.....?......#.......#
#............#...#####
#............#####
##############


You could see a gnoll.

Vanquished Creatures
  7 gnolls
  5 adders (D:2)
  A worm (D:2)
  2 dart slugs
  4 endoplasms
  5 giant cockroaches
  A goblin (D:1)
  A hobgoblin (D:2)
  4 kobolds
  A quokka (D:2)
  5 ball pythons
  2 bats
  A frilled lizard (D:2)
  6 rats
45 creatures vanquished.

Notes
Turn   | Place    | Note
-------+----------+-------------------------------------------
     0 | D:1      | cbfl8 the Merfolk Berserker began the quest for the Orb.
     0 | D:1      | Reached XP level 1. HP: 18/18 MP: 1/1
   345 | D:1      | Reached XP level 2. HP: 24/24 MP: 2/2
   569 | D:1      | Found a faded altar of an unknown god.
   577 | D:1      | Reached skill level 1 in Polearms
  1106 | D:2      | Reached XP level 3. HP: 21/30 MP: 3/3
  1593 | D:2      | Reached skill level 1 in Stealth
  1615 | D:2      | Reached skill level 1 in Evocations
  1952 | D:2      | Reached XP level 4. HP: 37/37 MP: 4/4
  2331 | D:2      | Reached XP level 5. HP: 12/42 MP: 5/5
  2627 | D:2      | Reached ** piety under Trog
  2810 | D:3      | Slain by a gnoll

Illustrated notes

Levels and vault maps discovered:
D:1:      minmay_arrival_shattered_statue, layout_loops_ring,
          shapermc_ecumenical_altar_notcrosses, serial_forest,
          infiniplex_forest_straight_3, infiniplex_forest_lined_4_way,
          infiniplex_forest_clump_double, infiniplex_forest_straight_3,
          infiniplex_forest_lined_4_way, infiniplex_forest_diagonal,
          infiniplex_forest_corner_1, st_stairs_13
D:2:      layout_basic
D:3:      layout_basic

Skill      XL: |  1  2  3  4 |
---------------+-------------+-----
Dodging        | 3 4 |  4.3
Polearms       | 1 2 |  2.8
Stealth        | 1 |  1.4
Evocations     | 1 |  1.8
Fighting       | 4 |  4.1
Axes           | |  2.4
Armour         | |  1.6

Action                   |  1- 3 |  4- 6 || total
-------------------------+-------+-------++-------
Melee: Hand axe          |    87 |    10 ||    97
       Punch             |     1 |       ||     1
       Spear             |       |    52 ||    52
Invok: Berserk           |     3 |     2 ||     5
  Use: Scroll            |     4 |     1 ||     5
 Stab: Sleeping          |     3 |     3 ||     6
Armor: Animal skin       |    18 |     5 ||    23
Dodge: Dodged            |    63 |    28 ||    91
